Map: Nightscape CE

Players

Ekelpack

  • Race: Zerg Zerg
  • Spawn Location: 7:00

Nyck

  • Race: Terran Terran
  • Spawn Location: 7:00

DigohD - Winner!

  • Race: Protoss Protoss
  • League: Gold
  • Spawn Location: 1:00

Ziptos - Winner!

  • Race: Zerg Zerg
  • League: Diamond
  • Spawn Location: 1:00

VOD

Have the link to the VOD?

Description

Time

  • Played on: Oct. 8, 2024, 3:12 p.m.
  • Length: 14:41
Show
View Real Time Build Order
Export as new Build Order

Ekelpack Zerg 

Build Orders: Hatch First 

Get SALT Encoding   

  12  0:00  Drone  
  13  0:12  Overlord  
  13  0:17  Drone  
  14  0:31  Drone  
  15  0:48  Hatchery  
  15  0:49  Drone  
  15  1:04  Spawning Pool  
  15  1:06  Drone  
  15  1:10  Extractor  
  14  1:13  Drone  
  14  1:17  Drone  
  16  1:20  Drone  
  17  1:28  Drone  
  18  1:51  Queen  
  20  1:55  Overlord  
  20  1:59  Queen  
  22  2:05  Drone  
  22  2:08  Drone  
  24  2:12  Drone  
  25  2:17  Drone  
  25  2:19  Drone  
  27  2:25  Extractor  
  27  2:29  Lair  
  26  2:39  Queen  
  26  2:42  Drone  
  29  2:49  Drone x3  
  32  2:53  Drone  
  32  2:58  Drone x2, Extractor  
  34  3:03  Drone  
  35  3:08  Drone  
  35  3:10  Overlord  
  36  3:25  Drone, Extractor  
  36  3:31  Spire  
  35  3:36  Drone x3  
  35  3:41  Drone  
  39  3:42  Overlord  
  39  3:51  Overlord  
  39  4:04  Drone x3  
  39  4:05  Drone  
  43  4:13  Queen  
  34  4:32  Drone x2  
  34  4:33  Drone  
  34  4:36  Queen  
  39  4:42  Mutalisk  
  39  4:43  Mutalisk x4  
  49  4:50  Drone  
  50  4:56  Zerg Flyer Weapons Level 1  
  50  4:58  Mutalisk  
  52  5:05  Mutalisk  
  54  5:08  Drone x2  
  54  5:09  Drone  
  43  5:37  Drone x3  
  43  5:38  Drone x2  
  48  5:48  Drone x5  
  48  5:49  Drone x2  
  55  5:59  Spine Crawler  
  55  6:00  Drone x2  
  56  6:07  Overlord  
  56  6:19  Overlord  
  56  6:33  Drone  
  56  6:34  Drone x3  
  60  6:43  Hydralisk Den  
  60  6:47  Evolution Chamber  
  58  6:48  Drone x4, Infestation Pit  
  58  6:51  Zerg Flyer Weapons Level 2  
  61  7:20  Overlord x2  
  61  7:21  Hydralisk x2  
  61  7:22  Hydralisk x6  
  69  7:27  Overlord x2  
  75  7:32  Zerg Missile Weapons Level 1  
  75  7:33  Grooved Spines  
  75  7:38  Hive  
  75  8:01  Hatchery  
  74  8:13  Hydralisk  
  74  8:14  Hydralisk x4  
  84  8:25  Muscular Augments  
  84  8:37  Hydralisk x2  
  84  8:38  Hydralisk x3  
  84  8:39  Extractor  
  84  8:40  Extractor  
  92  8:58  Hydralisk x3  
  98  9:05  Drone x5  
  98  9:06  Drone  
  104  9:13  Ultralisk Cavern  
  103  9:18  Evolution Chamber  
  103  9:21  Overlord  
  102  9:28  Overseer x2  
  102  9:33  Zerg Missile Weapons Level 2  
  102  9:40  Drone x3  
  105  9:47  Pneumatized Carapace  
  105  9:58  Drone  
  106  10:04  Drone x2  
  106  10:05  Drone, Overlord x2  
  109  10:11  Overlord  
  109  10:18  Chitinous Plating  
  109  10:20  Zerg Ground Armor Level 1  
  109  10:21  Ultralisk  
  115  10:58  Hydralisk x5  
  115  10:59  Hydralisk x5  
  135  11:28  Overlord x2, Hydralisk x4  
  135  11:29  Hydralisk  
  145  11:36  Overlord  
  145  11:37  Overlord  
  145  11:40  Anabolic Synthesis  
  145  11:44  Overlord x2  
  135  12:03  Drone x4  
  135  12:20  Hydralisk x3  
  135  12:21  Hydralisk x6  
  135  12:22  Hydralisk  
  151  12:52  Extractor  
Show
View Real Time Build Order
Export as new Build Order

Nyck Terran 

Build Orders: 2 Factory 

Get SALT Encoding   

  12  0:00  SCV  
  13  0:13  Supply Depot  
  13  0:18  SCV  
  14  0:30  SCV  
  15  0:37  Barracks  
  15  0:43  Refinery  
  15  0:45  SCV  
  16  0:52  Refinery  
  16  0:57  SCV  
  17  1:09  SCV  
  18  1:25  Marine  
  19  1:32  Factory  
  19  1:34  Orbital Command  
  19  1:44  Barracks Reactor  
  19  1:56  Supply Depot  
  19  1:59  SCV  
  20  2:12  SCV  
  21  2:17  Factory  
  21  2:29  Barracks Tech Lab, SCV  
  22  2:34  Supply Depot  
  26  2:37  Hellion x2  
  26  2:41  SCV  
  27  2:53  SCV  
  28  2:59  Hellion x2  
  32  3:13  Supply Depot  
  32  3:15  Barracks Tech Lab, SCV  
  32  3:18  Infernal Pre-Igniter  
  33  3:23  Hellion  
  35  3:33  SCV  
  36  3:45  Command Center  
  36  4:02  SCV  
  27  4:57  Hellion x3  
  33  5:04  Marauder  
  33  5:05  Concussive Shells  
  35  5:11  Barracks  
  35  5:13  Supply Depot  
  35  5:20  Hellion x3  
  41  5:23  Orbital Command  
  41  5:26  SCV  
  40  5:36  Supply Depot  
  40  5:38  SCV  
  39  5:43  Hellion x3  
  41  5:50  SCV  
  41  5:55  SCV  
  43  5:58  Supply Depot  
  43  6:02  SCV, Engineering Bay  
  43  6:03  Combat Shield  
  48  6:04  Hellion x3  
  48  6:07  SCV  
  51  6:14  SCV  
  52  6:19  SCV  
  52  6:23  Supply Depot  
  57  6:25  Hellion x2  
  57  6:26  SCV  
  57  6:31  SCV, Armory  
  59  6:34  Hellion  
  61  6:41  SCV  
  61  6:43  SCV  
  63  6:48  Refinery  
  63  6:50  Refinery  
  63  6:53  SCV  
  63  6:54  Hellion  
  66  6:57  SCV  
  66  6:59  Command Center  
  67  7:04  Terran Infantry Armor Level 1  
  67  7:15  SCV x2  
  69  7:27  SCV x2  
  71  7:33  Marine  
  72  7:39  SCV, Missile Turret  
  72  7:41  Supply Depot  
  72  7:43  SCV  
  74  7:48  Hellion  
  74  7:49  Hellion x2  
  80  7:51  Marine  
  81  8:03  Supply Depot  
  81  8:07  SCV x2  
  82  8:13  SCV  
  82  8:17  Terran Vehicle And Ship Armor Level 1  
  82  8:19  SCV x2  
  85  8:25  SCV  
  85  8:26  Supply Depot  
  86  8:30  Starport  
  86  8:31  SCV  
  86  8:32  SCV  
  88  8:34  Starport  
  88  8:36  Starport  
  88  8:38  Orbital Command  
  88  8:41  Refinery  
  88  8:50  SCV x2  
  90  9:16  SCV x3  
  93  9:25  Command Center  
  93  9:28  SCV x2  
  93  9:30  Starport Tech Lab x2  
  93  9:31  Starport Tech Lab  
  95  9:36  Starport  
  95  9:40  Fusion Core  
  95  9:46  Supply Depot  
  95  9:48  Supply Depot  
  95  10:08  Supply Depot  
  95  10:14  Supply Depot  
  95  10:27  Terran Vehicle And Ship Armor Level 2  
  95  10:32  Supply Depot x2, Armory  
  95  10:37  Supply Depot  
  95  10:39  Starport Tech Lab  
  95  10:40  Weapon Refit  
  95  10:41  Command Center  
  95  10:56  Missile Turret  
  95  10:57  Supply Depot  
  95  10:58  Supply Depot  
  95  10:59  Missile Turret  
  81  11:07  Battlecruiser x2  
  81  11:08  Battlecruiser x2  
  105  11:24  SCV x4  
  109  11:26  Refinery  
  109  11:28  Missile Turret  
  109  11:35  Terran Ship Weapons Level 1  
  109  11:36  SCV x3  
  109  11:39  SCV  
  112  11:47  Missile Turret x2  
  112  11:48  SCV  
  113  12:07  SCV x3, Missile Turret x2  
  116  12:11  Battlecruiser x2  
  116  12:12  Battlecruiser x2  
  116  12:13  SCV  
  141  12:19  SCV x3  
  144  12:27  Missile Turret  
  144  12:35  Missile Turret  
  136  12:47  Missile Turret  
  134  13:03  SCV x2  
  134  13:04  SCV x2  
  138  13:14  Starport  
  138  13:15  SCV  
  138  13:16  SCV x2, Battlecruiser  
Show
View Real Time Build Order
Export as new Build Order

DigohD Protoss - Winner!

Build Orders:  

Get SALT Encoding   

  12  0:00  Probe  
  13  0:12  Probe  
  14  0:17  Pylon  
  14  0:24  Probe  
  15  0:36  Gateway  
  15  0:38  Probe (Chrono Boost)  
  16  0:48  Probe (Chrono Boost)  
  17  0:50  Assimilator  
  17  0:53  Probe (Chrono Boost)  
  18  0:58  Assimilator  
  19  1:04  Probe (Chrono Boost)  
  19  1:16  Probe (Chrono Boost)  
  20  1:27  Cybernetics Core, Probe (Chrono Boost)  
  21  1:39  Probe  
  22  1:46  Pylon  
  22  2:00  Nexus  
  22  2:03  Probe  
  22  2:06  Warp Gate  
  23  2:14  Zealot  
  25  2:23  Pylon  
  25  2:26  Probe  
  26  2:38  Probe  
  26  2:40  Gateway  
  27  2:49  Gateway  
  27  2:52  Probe (Chrono Boost)  
  27  2:58  Zealot  
  30  3:07  Gateway  
  30  3:08  Probe  
  31  3:14  Probe  
  32  3:25  Probe  
  33  3:27  Twilight Council  
  33  3:31  Pylon  
  33  3:33  Probe  
  34  3:42  Stalker  
  36  3:55  Stalker x2  
  40  4:07  Stalker, Probe x2  
  44  4:13  Pylon  
  44  4:19  Probe x2  
  38  4:55  Probe x2  
  40  5:02  Assimilator, Stalker  
  40  5:03  Stalker  
  40  5:06  Assimilator  
  44  5:07  Probe (Chrono Boost)  
  44  5:08  Probe (Chrono Boost)  
  46  5:18  Probe (Chrono Boost)  
  46  5:19  Probe (Chrono Boost)  
  48  5:23  Probe x2 (Chrono Boost)  
  48  5:24  Templar Archives  
  50  5:29  Forge  
  50  5:33  Probe x2  
  52  5:45  Probe  
  52  5:46  Probe  
  54  5:52  Stalker x2  
  58  5:58  Stalker, Probe  
  58  6:03  Protoss Ground Weapons Level 1  
  61  6:11  Photon Cannon  
  61  6:17  Photon Cannon  
  60  6:31  Pylon  
  60  6:33  Probe (Chrono Boost)  
  60  6:34  Probe (Chrono Boost)  
  60  6:39  Blink  
  62  6:44  Probe (Chrono Boost)  
  62  6:45  Probe (Chrono Boost)  
  64  6:49  Probe x2 (Chrono Boost)  
  64  6:50  Psionic Storm  
  66  7:15  Photon Cannon  
  66  7:18  Photon Cannon  
  66  7:21  Photon Cannon  
  66  7:25  Photon Cannon  
  66  7:28  Photon Cannon  
  66  7:32  High Templar  
  66  7:34  High Templar  
  70  7:37  Stalker  
  70  7:38  Stalker  
  74  8:02  Probe x2  
  76  8:07  Nexus  
  76  8:09  Pylon  
  76  8:11  Pylon  
  76  8:14  Probe  
  76  8:15  Probe  
  78  8:27  Probe x2  
  78  8:31  Photon Cannon x2  
  78  8:32  Photon Cannon  
  78  8:33  Photon Cannon  
  80  8:34  Shield Battery  
  80  8:35  Shield Battery  
  80  8:39  Probe x2  
  80  8:40  Charge  
  82  8:51  Probe x2  
  82  8:54  Pylon  
  82  8:55  Pylon  
  84  9:05  Pylon  
  84  9:06  Probe x2  
  84  9:09  Pylon  
  86  9:15  High Templar  
  86  9:16  High Templar x3  
  94  9:19  Probe (Chrono Boost)  
  94  9:20  Probe (Chrono Boost)  
  94  9:23  Probe (Chrono Boost)  
  97  9:31  Probe x2 (Chrono Boost)  
  99  9:33  Probe (Chrono Boost)  
  99  9:36  Probe x2 (Chrono Boost)  
  99  9:38  Probe (Chrono Boost)  
  102  9:44  Gateway  
  103  9:46  Gateway, Protoss Ground Armor Level 1 (Chrono Boost)  
  103  9:48  Gateway  
  103  9:52  Gateway  
  103  9:53  Stalker  
  103  9:54  Stalker x2  
  103  9:57  Gateway  
  109  10:02  Gateway  
  109  10:08  Assimilator  
  109  10:12  Assimilator, Photon Cannon  
  109  10:13  Photon Cannon  
  109  10:14  Photon Cannon  
  109  10:16  Photon Cannon  
  109  10:19  Photon Cannon  
  109  10:50  Nexus  
  109  10:52  Pylon  
  109  10:54  Pylon  
  109  10:57  Stalker x2  
  109  10:58  Stalker x2, Pylon  
  109  10:59  Stalker x2  
  109  11:00  Pylon  
  121  11:04  Pylon  
  121  11:22  Photon Cannon  
  121  11:23  Photon Cannon  
  121  11:25  Photon Cannon  
  121  11:27  Photon Cannon  
  121  11:28  Photon Cannon  
  121  11:30  Photon Cannon  
  121  11:31  Shield Battery  
  121  11:33  Probe  
  121  11:34  Probe x2  
  121  11:36  Shield Battery  
  121  11:37  Protoss Ground Weapons Level 2 (Chrono Boost)  
  124  11:46  Probe x2  
  126  11:50  Photon Cannon x2  
  126  11:53  Photon Cannon  
  126  12:04  High Templar  
  126  12:05  High Templar x3  
  126  12:06  High Templar x2  
  126  12:07  High Templar  
  126  12:08  High Templar  
  142  12:11  Assimilator  
  142  12:12  Assimilator  
  142  12:30  Photon Cannon  
  142  12:32  Photon Cannon  
  142  12:34  Photon Cannon  
  142  12:35  Probe x4, Photon Cannon  
  146  12:42  Stalker  
  146  12:43  Stalker x3  
  146  12:44  Stalker  
  156  12:45  Stalker  
  156  12:47  Probe x2  
  160  12:54  Archon x3  
  160  12:57  High Templar x2  
  160  12:58  High Templar x2  
  86  13:58  Stalker  
  86  13:59  Stalker x3  
  86  14:00  Stalker x2  
  86  14:01  Stalker x4  
  106  14:27  Nexus  
  106  14:36  Pylon  
  106  14:39  Pylon  
Show
View Real Time Build Order
Export as new Build Order

Ziptos Zerg - Winner!

Build Orders: Hatch First 

Get SALT Encoding   

  12  0:00  Drone  
  13  0:13  Overlord  
  13  0:17  Drone  
  14  0:23  Extractor  
  14  0:24  Drone  
  15  0:33  Drone  
  16  0:35  Drone  
  17  0:51  Drone  
  17  0:55  Extractor  
  17  0:57  Hatchery  
  17  1:01  Drone  
  17  1:20  Spawning Pool  
  17  1:22  Drone  
  17  1:23  Drone  
  18  1:30  Drone  
  19  1:40  Overlord  
  19  1:58  Drone  
  20  2:09  Queen x2  
  24  2:17  Metabolic Boost  
  24  2:21  Drone  
  25  2:23  Drone  
  25  2:28  Drone x2  
  28  2:31  Drone  
  28  2:35  Drone  
  30  2:39  Extractor  
  29  2:51  Overlord  
  29  2:53  Zergling x6  
  32  3:10  Drone x2  
  34  3:15  Hatchery  
  34  3:17  Lair  
  34  3:19  Queen  
  35  3:22  Overlord  
  35  3:25  Overlord  
  35  3:33  Extractor  
  34  3:34  Drone, Extractor  
  34  3:35  Drone x2  
  34  3:40  Drone x2  
  38  3:43  Drone  
  39  3:53  Drone x3  
  39  3:55  Drone x2  
  44  3:56  Drone  
  42  4:27  Zergling x6  
  42  4:28  Zergling x20  
  53  4:42  Spire  
  52  4:56  Queen  
  52  4:59  Drone x6  
  60  5:06  Evolution Chamber x2  
  58  5:14  Drone  
  58  5:15  Drone x3  
  58  5:18  Infestation Pit  
  48  5:43  Spore Crawler  
  48  5:44  Spore Crawler  
  48  5:45  Spore Crawler  
  48  5:46  Spore Crawler  
  48  5:49  Spore Crawler, Zerg Melee Weapons Level 1  
  43  5:50  Zerg Ground Armor Level 1  
  43  5:53  Spore Crawler x2  
  43  5:55  Spore Crawler, Drone  
  43  5:56  Drone x2  
  43  6:04  Zerg Flyer Weapons Level 1  
  43  6:13  Overlord x2  
  43  6:14  Overlord  
  43  6:21  Drone  
  43  6:22  Drone x4  
  43  6:24  Drone  
  49  6:38  Drone x5  
  49  6:39  Drone x3  
  57  6:52  Hive  
  57  7:02  Overlord  
  57  7:03  Overlord  
  57  7:06  Drone x7  
  64  7:12  Spore Crawler  
  62  7:25  Extractor  
  62  7:26  Extractor  
  62  7:28  Drone x4  
  62  7:29  Spore Crawler, Drone  
  64  7:30  Drone x2  
  64  7:31  Drone x3  
  69  7:44  Mutalisk x3  
  69  7:45  Mutalisk x3  
  81  7:52  Zerg Melee Weapons Level 2, Zerg Ground Armor Level 2  
  81  7:57  Spore Crawler  
  81  7:58  Zerg Flyer Armor Level 1  
  80  8:09  Overlord x4  
  80  8:11  Pneumatized Carapace  
  80  8:25  Adrenal Glands  
  80  8:29  Spore Crawler  
  80  8:30  Hatchery  
  80  8:31  Spore Crawler  
  77  8:35  Mutalisk x4  
  77  8:36  Mutalisk x2  
  89  9:01  Mutalisk x4  
  97  9:05  Overlord x5  
  97  9:21  Hatchery  
  96  9:26  Mutalisk x6  
  96  9:27  Mutalisk x3  
  114  9:36  Spire  
  113  9:39  Spore Crawler  
  113  9:40  Spore Crawler  
  113  9:41  Spore Crawler  
  110  10:01  Overlord x2  
  110  10:02  Overlord  
  110  10:05  Viper  
  110  10:06  Viper  
  116  10:15  Zerg Melee Weapons Level 3  
  116  10:21  Hatchery  
  115  10:35  Overlord x2  
  115  10:40  Extractor  
  115  10:42  Mutalisk x6  
  126  11:13  Overlord  
  126  11:14  Overlord x2  
  126  11:24  Drone x3  
  123  11:47  Extractor, Mutalisk x3  
  123  11:48  Mutalisk x8  
  122  12:43  Mutalisk x5  
  122  12:44  Mutalisk x5  
  136  13:01  Zergling x4  
  136  13:02  Zergling x20  
  136  13:03  Zergling x8  
  150  13:42  Mutalisk  
  150  13:43  Mutalisk x10  
  171  14:13  Zergling x18  
Tags
 
Add a new tag
Caveats
  • Supply blocks, unpowered buildings, or Contaminate may cause inaccurate times.
  • Supply counts are checked every 10 seconds.